AoeStats
← 小草頂呱呱

Arena

510165225Analyzed
2v2 RM · 4d ago on Sep 29, 2026· 81m 49s· 4 players
Game mode
Random Map
Map size
Medium (4 player)
Population
200
Speed
Normal
Resources
Standard
Victory
Conquest
Starting age
Dark Age
Ending age
Imperial Age
RankedLock teamsTeams togetherTeam positionsShared explorationLock speedFull tech treeHidden civsTurbo modeCheats
Victory
Defeat
🇩🇪 Vikings · Germany
839
+15
🇩🇪 Saxons · Germany
827
+15
🇹🇼 Mongols · Taiwan
828
-16
🇺🇸 Slavs · United States
798
-14
blueberry
0:27 Loom
12:21 Feudal Age
14:11 Horse Collar
14:13 Man-at-Arms
17:16 Castle Age
15:35 Scale Mail Armor
18:18 Gold Mining
18:20 Fletching
19:30 Forging
19:50 Squires
21:05 Stone Mining
24:05 Long Swordsman
26:45 Iron Casting
33:48 Wheelbarrow
33:52 Heavy Plow
37:18 Gold Shaft Mining
38:59 Double-Bit Axe
40:21 Bow Saw
46:19 Imperial Age
43:53 Pikeman
44:52 Chain Mail Armor
45:19 Hand Cart
46:27 Heavy Scorpion
48:39 Blast Furnace
48:42 Halberdier
49:55 Plate Mail Armor
49:56 Druzhina
52:59 Caravan
52:43 Two-Handed Swordsman
56:07 Coinage
56:59 Murder Holes
58:05 Chemistry
57:53 Padded Archer Armor
59:25 Two-Man Saw
58:43 Elite Skirmisher
59:42 Leather Archer Armor
59:21 Onager
61:16 Ring Archer Armor
61:49 Bodkin Arrow
62:01 Champion
62:17 Siege Onager
63:31 Crop Rotation
65:33 Capped Ram
70:06 Detinets
70:21 Masonry
72:42 Banking
72:50 Ballistics
72:36 Siege Engineers
78:48 Siege Ram
小草頂呱呱
11:04 Feudal Age
15:24 Castle Age
17:36 Double-Bit Axe
19:22 Gold Mining
22:51 Stone Mining
24:30 Horse Collar
25:28 Ballistics
30:21 Fletching
33:25 Imperial Age
31:14 Heavy Plow
32:34 Bow Saw
35:18 Thumb Ring
35:39 Parthian Tactics
35:47 Parthian Tactics
36:37 Conscription
36:15 Loom
37:05 Wheelbarrow
36:16 Town Watch
36:44 Bodkin Arrow
37:52 Chemistry
37:02 Scale Barding Armor
38:58 Husbandry
39:09 Bloodlines
38:55 Light Cavalry
39:38 Elite Mangudai
42:20 Gold Shaft Mining
42:23 Stone Shaft Mining
42:10 Bracer
42:31 Chain Barding Armor
42:33 Masonry
43:53 Forging
44:04 Hussar
50:13 Hand Cart
49:58 Town Patrol
58:12 Iron Casting
74:07 Siege Engineers
75:07 Blast Furnace
74:10 Padded Archer Armor
Penetrator
11:30 Feudal Age
9:45 Loom
12:03 Double-Bit Axe
16:44 Castle Age
27:11 Elite Skirmisher
28:47 Bow Saw
30:33 Town Watch
31:09 Fletching
31:20 Padded Archer Armor
35:07 Horse Collar
36:25 Chieftains
36:39 Bodkin Arrow
37:12 Ballistics
38:39 Gold Mining
42:07 Imperial Age
40:17 Caravan
40:55 Heavy Plow
42:19 Squires
42:04 Arson
41:50 Pikeman
44:05 Two-Man Saw
44:08 Forging
43:59 Scale Mail Armor
44:38 Conscription
49:06 Crop Rotation
52:55 Bracer
53:10 Leather Archer Armor
56:22 Leather Archer Armor
56:44 Iron Casting
56:24 Chain Mail Armor
61:40 Ring Archer Armor
62:11 Blast Furnace
61:41 Plate Mail Armor
62:39 Crossbowman
64:08 Elite Berserk
66:04 Hoardings
66:33 Town Patrol
67:33 Elite Varangian Guard
Sir Faxe
12:38 Feudal Age
14:17 Loom
16:35 Castle Age
14:53 Loom
16:06 Double-Bit Axe
20:18 Bow Saw
26:55 Imperial Age
27:43 Capped Ram
32:53 Forging
34:50 Iron Casting
35:23 Conscription
36:45 Thumb Ring
36:04 Elite Skirmisher
37:44 Elite Hearth Troop
39:17 Siege Ram
40:30 Fletching
41:54 Scale Mail Armor
41:54 Horse Collar
43:22 Two-Man Saw
42:43 Squires
42:29 Gambesons
43:39 Wheelbarrow
44:18 Elite Varangian Guard
46:38 Bodkin Arrow
47:19 Chain Mail Armor
47:47 Caravan
47:29 Crossbowman
48:15 Thumb Ring
48:56 Arbalester
52:28 Chemistry
54:54 Plate Mail Armor
56:18 Guilds
57:18 Bracer
57:18 Padded Archer Armor
59:43 Leather Archer Armor
65:59 Shield Wall
70:25 Pikeman
81:55 Hoardings
Connection lost

Rejoining the realm…

Still unreachable

The connection could not be restored.

Session expired

The server has moved on; the page needs a fresh start.